 Dungeon Crawl Stone Soup version 0.27-a0-343-gfcad680f63 (webtiles) character file.

Game seed: 6821366225290054790

326897 vurker the Sorcerer (level 20, 65/164 HPs)
             Began as a Mummy Ice Elementalist on Feb 14, 2021.
             Was the Champion of Vehumet.
             Quit the game on level 4 of the Vaults on Feb 15, 2021.
             The game lasted 01:32:25 (77441 turns).

vurker the Sorcerer (Mummy Ice Elementalist)       Turns: 77441, Time: 01:32:26

Health: 65/164     AC: 13    Str: 19    XL:     20   Next: 77%
Magic:  6/48       EV: 11    Int: 30    God:    Vehumet [******]
Gold:   1812       SH: 17    Dex: 17    Spells: 18/67 levels left

rFire    . . .     SeeInvis +   s - staff of cold
rCold    + . .     Faith    .   h - +0 kite shield
rNeg     + + +     Spirit   .   u - +2 robe {Archmagi}
rPois    ∞         Reflect  +   A - +3 crown of Dyrovepreva {rElec Int+2 SInv}
rElec    +         Harm     .   B - +2 cloak {rPois}
rCorr    .         Rampage  .   g - +1 pair of gloves {archery}
Will     ++...                  n - +0 pair of boots
Stlth    ++........             I - amulet of Ycall {Reflect Str+7 Dex+4 SH+5 SInv}
HPRegen  0.37/turn              r - ring of fire
MPRegen  0.31/turn              J - +6 ring of intelligence

@: no status effects
A: no potions, fire vulnerability, cold resistance 1, negative energy resistance
3, torment resistance, unbreathing, in touch with death 1
}: 2/15 runes: decaying, serpentine
a: Renounce Religion


You were on level 4 of the Vaults.
You worshipped Vehumet.
Vehumet was exalted by your worship.
You visited 7 branches of the dungeon, and saw 37 of its levels.

You collected 4168 gold pieces.
You spent 2356 gold pieces at shops.

Inventory:

Hand Weapons
 D - the +6 hand axe of the Lumpy Mice {venom, rN++}
   (You took it off a wizard on level 1 of the Vaults)

   It poisons the flesh of those it strikes.
   It greatly protects you from negative energy.
Armour
 g - a +1 pair of gloves of archery (worn)
   (You found it on level 2 of the Dungeon)
 h - a +0 kite shield (worn)
   (You took it off a vault guard on level 13 of the Dungeon)
 n - a +0 pair of boots (worn)
   (You found it on level 14 of the Dungeon)
 u - a +2 robe of the Archmagi (worn)
   (You bought it in a shop on level 2 of the Orcish Mines)
 A - the +3 crown of Dyrovepreva (worn) {rElec Int+2 SInv}
   (You bought it in a shop on level 10 of the Dungeon)

   It affects your intelligence (+2).
   It insulates you from electricity.
   It lets you see invisible.
 B - a +2 cloak of poison resistance (worn)
   (You bought it in a shop on level 10 of the Dungeon)
Magical Staves
 s - a staff of cold (weapon)
   (You took it off Fannar on level 3 of the Lair of Beasts)
 F - a staff of earth
   (You found it on level 2 of the Snake Pit)
 G - a staff of fire
   (You found it on level 3 of the Snake Pit)
 N - a staff of air
   (You found it on level 3 of the Elven Halls)
 O - a staff of conjuration
   (You found it on level 3 of the Elven Halls)
Jewellery
 k - a ring of see invisible
   (You took it off a yaktaur on level 1 of the Vaults)
 m - a ring of flight
   (You found it on level 3 of the Lair of Beasts)
 r - a ring of fire (left hand)
   (You bought it in a shop on level 2 of the Orcish Mines)
 w - a ring of protection from cold
   (You took it off a vault guard on level 1 of the Vaults)
 x - a ring of resist corrosion
   (You found it on level 3 of the Swamp)
 E - a +4 ring of evasion
   (You took it off an ironbrand convoker on level 2 of the Vaults)
 H - a ring of willpower
   (You found it on level 1 of the Elven Halls)
 I - the amulet of Ycall (around neck) {Reflect Str+7 Dex+4 SH+5 SInv}
   (You took it off a deep elf blademaster on level 3 of the Elven Halls)

   [amulet of reflection]

   It shields you and reflects attacks.
   It affects your strength (+7).
   It affects your dexterity (+4).
   It lets you see invisible.
   It affects your SH (+5).
 J - a +6 ring of intelligence (right hand)
   (You found it on level 2 of the Elven Halls)
Wands
 a - a wand of charming (6)
   (You found it on level 8 of the Dungeon)
 d - a wand of iceblast (13)
   (You found it on level 1 of the Elven Halls)
 l - a wand of mindburst (40)
   (You found it on level 9 of the Dungeon)
 o - a wand of polymorph (6)
   (You found it on level 11 of the Dungeon)
 t - a wand of flame (22)
   (You found it on level 10 of the Dungeon)
 v - a wand of digging (7)
   (You found it on level 6 of the Lair of Beasts)
Scrolls
 b - 6 scrolls of magic mapping
 c - 17 scrolls of identify
 e - a scroll of torment
 f - 4 scrolls of enchant weapon
 i - 8 scrolls of amnesia
 j - 2 scrolls of fog
 p - 6 scrolls of enchant armour
 q - 2 scrolls of brand weapon
 y - a scroll of blinking
 C - a scroll of vulnerability
Miscellaneous
 z - a condenser vane
   (You found it on level 6 of the Lair of Beasts)


   Skills:
 + Level 15.7 Fighting
 - Level 1.5 Dodging
 - Level 1.5 Stealth
 + Level 9.2 Shields
 * Level 24.2 Spellcasting
 - Level 3.0 Conjurations
 - Level 3.0 Summonings
 + Level 17.4 Ice Magic
 * Level 10.5 Earth Magic


You had 18 spell levels left.
You knew the following spells:

 Your Spells              Type           Power        Failure   Level
a - Ozocubu's Refrigerat  Ice            71%          1%          7
b - Frozen Ramparts       Ice            100%         0%          3
c - Hailstorm             Conj/Ice       100%         1%          4
d - Summon Ice Beast      Ice/Summ       100%         1%          4
e - Chain Lightning       Conj/Air       30%          100%        8
f - Shatter               Erth           49%          99%         9
g - Ignition              Fire           34%          100%        8
z - Freezing Cloud        Conj/Ice/Air   54%          4%          6

Your spell library contained the following spells:

 Spells                   Type           Power        Failure   Level
 Lehudib's Crystal Spear  Conj/Erth      43%          83%         8
 Freeze                   Ice            100%         0%          1
 Sandblast                Erth           100%         0%          1
 Ozocubu's Armour         Ice            100%         0%          3
 Animate Skeleton         Necr           100%         1%          1
 Apportation              Tloc           100%         1%          1
 Corona                   Hex            58%          1%          1
 Magic Dart               Conj           100%         1%          1
 Sting                    Tmut/Pois      100%         1%          1
 Summon Small Mammal      Summ           100%         1%          1
 Call Imp                 Summ           69%          1%          2
 Ensorcelled Hibernation  Hex/Ice        100%         1%          2
 Passwall                 Tmut/Erth      66%          1%          2
 Call Canine Familiar     Summ           69%          1%          3
 Conjure Flame            Conj/Fire      80%          1%          3
 Dazzling Flash           Conj/Hex       100%         1%          3
 Ignite Poison            Fire/Tmut/Pois 69%          1%          3
 Mephitic Cloud           Conj/Pois/Air  59%          1%          3
 Stone Arrow              Conj/Erth      100%         1%          3
 Petrify                  Tmut/Erth      80%          1%          4
 Lee's Rapid Deconstruct  Erth           49%          1%          5
 Blink                    Tloc           N/A          2%          2
 Corpse Rot               Necr/Air       N/A          2%          2
 Poisonous Vapours        Pois/Air       100%         2%          2
 Slow                     Hex            53%          2%          2
 Summon Guardian Golem    Hex/Summ       61%          2%          3
 Bolt of Magma            Conj/Fire/Erth 48%          2%          5
 Olgreb's Toxic Radiance  Pois           53%          4%          4
 Iskenderun's Battlesphe  Conj           69%          4%          5
 Iron Shot                Conj/Erth      43%          4%          6
 Confusing Touch          Hex            53%          5%          3
 Tukima's Dance           Hex            53%          5%          3
 Borgnjor's Vile Clutch   Necr/Erth      50%          5%          5
 Fireball                 Conj/Fire      40%          7%          5
 Irradiate                Conj/Tmut      30%          7%          5
 Simulacrum               Ice/Necr       70%          8%          6
 Summon Lightning Spire   Summ/Air       61%          10%         4
 Animate Dead             Necr           34%          17%         4
 Dispel Undead            Necr           69%          17%         4
 Starburst                Conj/Fire      40%          34%         6
 Agony                    Necr           69%          43%         5
 Excruciating Wounds      Necr           34%          43%         5
 Orb of Destruction       Conj           34%          69%         7
 Spellforged Servitor     Conj/Summ      34%          69%         7
 Death Channel            Necr           34%          95%         6
 Beastly Appendage        Tmut           Unusable     N/A         1
 Ice Form                 Ice/Tmut       Unusable     N/A         4
 Sublimation of Blood     Necr           Unusable     N/A         2
 Wereblood                Tmut           Unusable     N/A         2
 Spider Form              Tmut/Pois      Unusable     N/A         3
 Statue Form              Tmut/Erth      Unusable     N/A         6
 Blade Hands              Tmut           Unusable     N/A         5
 Hydra Form               Tmut           Unusable     N/A         6
 Dragon Form              Tmut           Unusable     N/A         7

Dungeon Overview and Level Annotations

Branches:
Dungeon (15/15)            Temple (0/1) D:5            Lair (6/6) D:8
  Swamp (4/4) Lair:3        Snake (4/4) Lair:4        Slime (0/5) Lair:6
    Orc (2/2) D:12            Elf (3/3) Orc:2        Vaults (4/5) D:13
 Depths (0/5) D:15
  Crypt: Vaults:2-3

Altars:
Dithmenos
Fedhas
Gozag
Hepliaklqana
Nemelex Xobeh
Okawaru
Sif Muna
Trog
Uskayaw
Vehumet
Wu Jian
Yredelemnul
Zin
Beogh

Shops:
D:10 [   Orc:1 *   Orc:2 !*=[   Elf:1 (   Elf:3 =:=

Portals:
Pandemonium: Orc:2

Annotations:
D:5 exclusion: ice beast
Lair:3 3 runed translucent doors, Abbuteuv's ghost, journeyman DsCj
Lair:6 2 runed translucent doors, emiel's ghost, journeyman DrEE
Swamp:1 Roxanne
Swamp:4 2 transporters, bmj180's ghost, adept MiFi
Elf:2 3 runed translucent doors


Innate Abilities, Weirdness & Mutations

You do not drink.
Your flesh is vulnerable to fire.
You are immune to poison.
Your flesh is cold resistant. (rC+)
You are immune to negative energy. (rN+++)
You are immune to unholy pain and torment.
You can survive without breathing.
You are in touch with the powers of death.


Message History

You closely miss the red ugly thing.
The deep elf demonologist casts a spell.
A two-headed ogre comes into view. It is wielding two +0 giant clubs.
The red ugly thing closely misses you. The red ugly thing misses you.
The two-headed ogre shouts in stereo!
You enter the Zot trap.
The power of Zot is invoked against you!
You sense a hostile presence.
A hell beast comes into view.
There is Zot trap here.
You feel less confused.
You block the deep elf death mage's attack.
An ogre mage comes into view. It is wielding a +0 club.
The hell beast bites you! You block the hell beast's attack.
You block the red ugly thing's attack.
You hear a loud "Zot"!
The power of Zot is invoked against you!
The dungeon shakes, a horrible noise fills the air, and a portal to some otherworldly place is opened!
The deep elf demonologist casts a spell.
You block the hell beast's attack. The hell beast tramples you!
You hold your ground!
The ogre mage shouts!
The deep elf death mage beckons forth a restless soul!
You block the red ugly thing's attack.
The deep elf demonologist mumbles some strange words.
An eldritch tentacle comes into view.
There is an open door here.
You block the hell beast's attack.
The hell beast tramples you but does no damage.
Okay, then.
The ironheart preserver casts a spell.
The ironheart preserver begins to accept its allies' injuries.
The hell beast bites you. You block the hell beast's attack.
The hell beast bites you!!
* * * LOW HITPOINT WARNING * * *
The hell beast barely misses you. You block the hell beast's attack. x2
The deep elf demonologist gestures wildly while chanting.
The hell beast bites you but does no damage.
You block the hell beast's attack. You block the hell beast's attack. x2
There is a large open door here.
You don't have enough magic to cast this spell.
You block the hell beast's attack. The hell beast tramples you!
* * * LOW HITPOINT WARNING * * *
You stumble backwards!
Okay, then.
You block the hell beast's attack. The hell beast tramples you.
* * * LOW HITPOINT WARNING * * *
You stumble backwards!

,,,*,,,,,,*,,,,,*,,,,,,,*,,,,,,*
,,,*,,,,,,*,,,,,*,,,,,,,*,,,,,,*
,,,*,,,,,,*,,,,,*********,,,,,,*
,,,*,,,,,,*,,,,,,,,,,,,,,,,,,,,*
,,,*,,,,,,*,,,##########,,,,,,,**
,,,*,,,,,,*,,,#........#,,,,,,,+,
,,,*,,,,,,*,,,#........#,,,,,,,*,
,,,********,,,#''####..#,,,,,,,+,
,,,,,,,,,,,,,,#.@# *,,*,,,,,,,*,
,,,,,,,,,,,,,,#.2# *,,*,,,,,,,*,
,,,,,,,,,,,,,,#..#***++*,,,,,,,*,
****,,,,,,,,,,#.u+,,+,,*,,,,,,,*,
,,,*,,,,,,,,,,#.*+,,+,,*.......*,
,,,*,,,,***####''#**####.......+,
*,,*,,,,* #.....# #.....))...**
*,,*,,,,* #.....# #....)O....*
*,,*,,,,*###....p####..e.O†$...*


You could see a hell beast, a red ugly thing (sheltered) and a lost soul
(summoned).

Vanquished Creatures
  Bai Suzhen (Elf:3)
  Vashnia (Snake:2)
  Jorgrun (D:12)
  A deep elf blademaster (Elf:3)
  A tentacled monstrosity (Swamp:4)
  2 deep elf master archers (Elf:3)
  2 thorn hunters
  12 nagarajas
  Kirke (Lair:6)
  5 fenstrider witches (Swamp:4)
  An orc warlord (Orc:1)
  A juggernaut zombie (D:15)
  Aizul (Swamp:2)
  2 ghouls (Swamp:4)
  6 deep elf sorcerers (Elf:3)
  5 deep elf elementalists (Elf:3)
  6 vault wardens
  Louise (Elf:1)
  5 ironheart preservers
  A stone giant (Vaults:2)
  5 deep elf demonologists (Elf:3)
  5 bunyips
  5 deep elf annihilators
  An ettin (Vaults:2)
  2 blizzard demons (Swamp:4)
  2 deep elf death magi (Elf:3)
  5 eleionomae
  4 deep elf high priests
  A yaktaur captain (Vaults:2)
  4 shambling mangroves
  A great orb of eyes (Vaults:1)
  3 ice dragons
  13 vault guards
  Fannar (Lair:3)
  6 boulder beetles
  7 hydras
  14 naga warriors
  A ghost crab (Swamp:4)
  3 catoblepae
  2 rakshasas
  5 centaur warriors
  8 ogre magi
  9 anacondas
  11 dancing weapons
  15 two-headed ogres
  8 alligators
  A queen ant (Lair:2)
  7 orc high priests (Orc:2)
  2 deep troll earth magi (Vaults:2)
  13 naga sharpshooters
  9 deep elf knights
  8 shock serpents
  A soul eater (Orc:2)
  7 skeletal warriors
  4 unseen horrors
  A shadow wraith (Vaults:2)
  2 sixfirhies (Swamp:4)
  2 goliath frogs
  2 death drakes (Swamp:4)
  A torturous demonspawn (Orc:2)
  3 deep trolls
  5 naga ritualists
  4 wizards
  A lindwurm (Lair:6)
  4 spriggan druids
  A bog body (Swamp:2)
  10 orc knights
  6 deep elf archers
  8 swamp dragons
  An infernal demonspawn (Orc:2)
  7 ironbrand convokers
  2 harpies (Vaults:2)
  2 wolf spider zombies
  2 phantasmal warriors
  29 deep elf pyromancers
  A harpy (shapeshifter) (Vaults:1)
  2 necromancers
  8 ugly things
  A mana viper (shapeshifter) (Elf:3)
  10 orc sorcerers
  2 wolf spiders (Lair:6)
  22 deep elf zephyrmancers
  3 oklob plants (Lair:6)
  4 will-o-the-wisps
  A salamander (shapeshifter) (D:15)
  7 mana vipers
  5 cyclopes
  2 manticores
  3 salamanders
  A rust devil (Orc:2)
  A guardian serpent (shapeshifter) (D:15)
  Maurice (D:12)
  3 elephants (Lair:6)
  39 black mambas
  An eye of devastation (shapeshifter) (Vaults:1)
  2 centaur zombies
  7 vault sentinels
  31 naga magi
  5 torpor snails (Lair:6)
  A gargoyle (D:14)
  2 smoke demons (Orc:2)
  2 centaur skeletons (D:15)
  4 guardian serpents
  6 orange demons
  19 cane toads
  10 komodo dragons
  An efreet (D:13)
  A rime drake (Lair:4)
  A freezing wraith (Vaults:2)
  24 yaktaurs
  3 bloated husks
  2 tengu conjurers (D:15)
  A red devil (D:10)
  A hellwing (Orc:2)
  A queen bee (D:10)
  7 trolls
  20 blink frogs
  11 tyrant leeches
  A wind drake (shapeshifter) (Elf:2)
  21 hornets
  A polar bear (Lair:2)
  A dream sheep (Orc:2)
  A meliai zombie (D:15)
  12 slime creatures
  3 spriggans (Swamp:1)
  3 redbacks
  A redback (shapeshifter) (D:15)
  28 yaks
  4 air elementals
  A deep troll skeleton (D:15)
  4 fire elementals
  A shadow (D:14)
  5 wraiths
  2 vampires
  4 basilisks
  4 water elementals
  3 hogs (Lair:6)
  12 wyverns
  A hog (shapeshifter) (Vaults:2)
  A ynoxinul (Orc:2)
  A steam dragon (D:9)
  A chaos spawn (Swamp:4)
  2 neqoxecs
  6 vampire mosquitoes
  3 wargs
  43 nagas
  A soldier ant (shapeshifter) (Elf:3)
  19 swamp worms
  20 soldier ants (Lair:2)
  2 acid dragons
  36 water moccasins
  A hornet zombie (D:15)
  3 black bears
  2 ice beasts
  A swamp drake (Swamp:4)
  40 orc warriors
  A necrophage (D:4)
  11 sky beasts
  An ogre (shapeshifter) (Vaults:1)
  2 eyes of draining (D:12)
  8 wolves
  9 boggarts
  14 centaurs
  29 ogres
  A phantom (D:9)
  A kobold brigand (D:13)
  17 bullfrogs
  A scorpion (D:13)
  25 killer bees
  3 spriggan skeletons (D:11)
  23 wights
  7 electric eels
  2 howler monkeys
  A nameless horror (D:6)
  A troll skeleton (D:11)
  A quasit (D:9)
  4 bullfrog zombies
  2 human simulacra (Vaults:2)
  2 hounds
  4 jellies
  32 orc priests
  2 bullfrog skeletons
  3 iguanas
  22 orc wizards
  25 worker ants
  4 hell rats (Lair:6)
  A hound skeleton (D:4)
  10 gnolls
  11 adders
  2 white imps
  An ufetubus (D:10)
  2 adder zombies (D:9)
  2 worms (D:3)
  3 dart slugs
  3 leopard geckos
  83 orcs
  A giant cockroach (D:4)
  7 goblins
  12 hobgoblins
  4 jackals (D:9)
  17 kobolds
  A quokka (D:6)
  7 ball pythons
  6 bats
  7 frilled lizards
  A leopard gecko zombie (D:5)
  4 rats
  21 briar patches (Swamp:3)
  A bush (Lair:6)
1381 creatures vanquished.

Vanquished Creatures (collateral kills)
  Saint Roka (Orc:2)
  An ironheart preserver (Vaults:1)
  Snorg (Lair:3)
  2 hydras
  A two-headed ogre (D:11)
  2 tengu warriors (D:15)
  A soul eater (Swamp:4)
  3 skeletal warriors
  A wolf spider zombie (D:15)
  A frost giant zombie (D:15)
  A sphinx skeleton (D:15)
  A rime drake (Lair:2)
  A cane toad (Lair:4)
  A komodo dragon (Lair:3)
  A hellwing (Swamp:4)
  A red devil (D:10)
  8 blink frogs
  9 yaks
  2 basilisks
  4 ice beasts
  An ogre (D:11)
  A necrophage (D:10)
  A kobold brigand (D:11)
  2 bullfrogs
  A wyvern zombie (D:11)
  A wyvern skeleton (D:8)
  A hornet simulacrum (D:15)
  2 killer bees (D:10)
  4 wights
  2 spriggan skeletons (D:11)
  A nameless horror (D:10)
  A bullfrog zombie (D:12)
  2 bullfrog skeletons
  A worker ant (D:11)
  An adder (D:9)
  A white imp (D:9)
  2 orcs (D:11)
  A kobold (D:11)
69 creatures vanquished.

Vanquished Creatures (others)
  A wizard (D:3)
  2 humans (Lair:6)
  A bat (D:2)
  4 foxfires
  68 fungi
  145 plants
  12 withered plants (D:15)
233 creatures vanquished.

Grand Total: 1683 creatures vanquished

Notes
Turn   | Place    | Note
-------+----------+-------------------------------------------
     0 | D:1      | vurker the Mummy Ice Elementalist began the quest for the
                  | Orb.
     0 | D:1      | Reached XP level 1. HP: 13/13 MP: 4/4
   515 | D:1      | Reached skill level 3 in Spellcasting
   644 | D:1      | Reached XP level 2. HP: 16/20 MP: 6/6
  1378 | D:1      | Reached skill level 1 in Fighting
  1446 | D:1      | Reached XP level 3. HP: 26/26 MP: 7/7
  1740 | D:1      | Learned a level 3 spell: Frozen Ramparts
  1843 | D:2      | Found a radiant altar of Vehumet.
  1856 | D:2      | Became a worshipper of Vehumet
  2999 | D:3      | Reached XP level 4. HP: 11/32 MP: 3/9
  3207 | D:2      | Learned a level 4 spell: Hailstorm
  3218 | D:3      | Reached skill level 4 in Spellcasting
  3292 | D:3      | Found a blossoming altar of Fedhas.
  3987 | D:3      | Found a shimmering blue altar of Sif Muna.
  4019 | D:3      | Reached XP level 5. HP: 22/38 MP: 8/11
  4261 | D:3      | Found a bloodstained altar of Trog.
  4263 | D:3      | Noticed a wizard
  4268 | D:3      | Killed a wizard
  4530 | D:4      | Noticed an ogre
  4533 | D:4      | Noticed a necrophage
  4537 | D:4      | Killed an ogre
  4538 | D:4      | Reached skill level 1 in Conjurations
  4548 | D:4      | Killed a necrophage
  4549 | D:4      | Reached skill level 5 in Spellcasting
  4549 | D:4      | Reached XP level 6. HP: 17/45 MP: 6/13
  4738 | D:3      | Learned a level 4 spell: Summon Ice Beast
  5030 | D:4      | Reached * piety under Vehumet
  5030 | D:4      | Offered knowledge of Sandblast by Vehumet.
  5413 | D:4      | You fall into a shaft and drop 2 floors!
  5613 | D:6      | Reached skill level 1 in Summonings
  5613 | D:6      | Reached XP level 7. HP: 51/51 MP: 8/15
  5710 | D:6      | Reached skill level 6 in Spellcasting
  5710 | D:6      | Reached skill level 5 in Ice Magic
  5753 | D:5      | Entered Level 5 of the Dungeon
  5807 | D:5      | Found a shadowy altar of Dithmenos.
  5809 | D:5      | Found a sparkling altar of Nemelex Xobeh.
  5812 | D:5      | Found an opulent altar of Gozag.
  6160 | D:5      | Found a glowing silver altar of Zin.
  6419 | D:5      | Found a staircase to the Ecumenical Temple.
  6437 | D:4      | Got a crude leather armour
  6551 | D:4      | Identified the +1 leather armour of Ruiprati {Harm rN+++
                  | Stlth-} (You found it on level 4 of the Dungeon)
  7116 | D:5      | Reached XP level 8. HP: 58/58 MP: 14/18
  7707 | D:6      | Found a hide-covered altar of Uskayaw.
  7988 | D:6      | Reached skill level 7 in Spellcasting
  8666 | D:7      | Found a hazy altar of Hepliaklqana.
  8883 | D:7      | Offered knowledge of Shock by Vehumet.
  8926 | D:7      | Found a basalt altar of Yredelemnul.
  8939 | D:7      | Reached ** piety under Vehumet
  9225 | D:8      | Reached skill level 8 in Spellcasting
  9255 | D:8      | Found a staircase to the Lair.
  9525 | D:8      | Reached XP level 9. HP: 36/66 MP: 2/21
 10881 | D:9      | Reached skill level 9 in Spellcasting
 11169 | D:9      | Reached skill level 5 in Fighting
 11606 | D:9      | Reached skill level 10 in Spellcasting
 11609 | D:9      | Offered knowledge of Static Discharge by Vehumet.
 11787 | D:9      | Reached XP level 10. HP: 65/76 MP: 14/24
 12373 | D:10     | Entered Level 10 of the Dungeon
 12444 | D:10     | Found Kiniphav's Antique Armour Boutique.
 12524 | D:10     | Noticed a two-headed ogre
 12530 | D:10     | Killed a two-headed ogre
 12641 | D:10     | Reached skill level 11 in Spellcasting
 12993 | D:10     | Reached *** piety under Vehumet
 13105 | D:10     | Killed an unseen horror
 13480 | D:10     | Noticed an orange demon
 13481 | D:10     | Noticed an orange demon
 13490 | D:10     | Killed an orange demon
 13491 | D:10     | Killed an orange demon
 13817 | D:10     | Noticed a centaur warrior
 13828 | D:10     | Killed a centaur warrior
 13829 | D:10     | Reached skill level 12 in Spellcasting
 14074 | D:10     | Noticed an orange demon
 14080 | D:10     | Reached XP level 11. HP: 77/84 MP: 16/27
 14081 | D:10     | Offered knowledge of Airstrike by Vehumet.
 14423 | D:10     | Reached **** piety under Vehumet
 14431 | D:10     | Offered knowledge of Irradiate by Vehumet.
 14818 | D:10     | Killed an unseen horror
 15390 | D:11     | Reached skill level 13 in Spellcasting
 15554 | D:11     | Noticed a two-headed ogre
 15562 | D:11     | Killed a two-headed ogre
 15563 | D:11     | Reached skill level 10 in Ice Magic
 16471 | D:11     | Noticed a boulder beetle
 16483 | D:11     | Killed a boulder beetle
 16796 | D:11     | Killed an unseen horror
 17071 | D:11     | Noticed a four-headed hydra
 17078 | D:11     | Killed a four-headed hydra
 17235 | D:11     | Found a bloodstained altar of Trog.
 17704 | D:11     | Killed an unseen horror
 18113 | Lair:1   | Entered Level 1 of the Lair of Beasts
 18121 | Lair:1   | Reached skill level 14 in Spellcasting
 18121 | Lair:1   | Reached XP level 12. HP: 94/94 MP: 8/30
 18875 | Lair:1   | Noticed a five-headed hydra
 18882 | Lair:1   | Killed a five-headed hydra
 19835 | Lair:2   | Reached ***** piety under Vehumet
 19835 | Lair:2   | Offered knowledge of Orb of Destruction by Vehumet.
 19893 | Lair:2   | Noticed a queen ant
 19907 | Lair:2   | Killed a queen ant
 20352 | Lair:2   | Reached skill level 15 in Spellcasting
 21369 | Lair:3   | Found a staircase to the Swamp.
 21369 | Lair:3   | Noticed Fannar
 21679 | Lair:3   | Killed Fannar
 21819 | Lair:3   | Noticed a four-headed hydra
 21825 | Lair:3   | Killed a four-headed hydra
 21908 | Lair:3   | Noticed Abbuteuv's ghost (journeyman DsCj)
 21916 | Lair:3   | Found a runed translucent gate.
 21916 | Lair:3   | Found a runed translucent gate.
 21917 | Lair:3   | Found a runed translucent gate.
 21958 | Lair:3   | Noticed a four-headed hydra
 21966 | Lair:3   | Killed a four-headed hydra
 22563 | Lair:3   | Gained mutation: You are in touch with the powers of death.
                  | [Mummy growth]
 22563 | Lair:3   | Reached XP level 13. HP: 89/102 MP: 24/32
 22852 | Lair:3   | Noticed Snorg
 22862 | Lair:3   | Killed Snorg
 23485 | Lair:3   | Reached skill level 16 in Spellcasting
 23685 | Lair:3   | Found the +8 whip "Snakebite" {curare, rPois}
 23689 | Lair:3   | Reached skill level 10 in Fighting
 24148 | Lair:4   | Found a staircase to the Snake Pit.
 25399 | Lair:4   | Offered knowledge of Ozocubu's Refrigeration by Vehumet.
 25408 | Lair:4   | Learned a level 7 spell: Ozocubu's Refrigeration
 27082 | Lair:5   | Found an ornate altar of the Wu Jian Council.
 27082 | Lair:5   | Found a hide-covered altar of Uskayaw.
 27382 | Lair:6   | Entered Level 6 of the Lair of Beasts
 27403 | Lair:6   | Reached skill level 17 in Spellcasting
 28039 | Lair:6   | Reached XP level 14. HP: 111/111 MP: 20/35
 28245 | Lair:6   | Found a runed translucent door.
 28552 | Lair:6   | Found an ornate altar of the Wu Jian Council.
 29670 | Lair:6   | Found a staircase to the Slime Pits.
 31461 | Lair:6   | Reached skill level 18 in Spellcasting
 31677 | Lair:6   | Noticed Kirke
 31681 | Lair:6   | Killed Kirke
 32037 | Lair:6   | Found a runed translucent door.
 32038 | Lair:6   | Noticed emiel's ghost (journeyman DrEE)
 32169 | Lair:6   | Offered knowledge of Yara's Violent Unravelling by Vehumet.
 33119 | D:12     | Noticed Maurice
 33122 | D:12     | Killed Maurice
 33702 | D:12     | Found a staircase to the Orcish Mines.
 33853 | D:12     | Noticed Jorgrun
 33858 | D:12     | Killed Jorgrun
 34630 | D:12     | Found a roughly hewn altar of Beogh.
 34803 | Orc:1    | Entered Level 1 of the Orcish Mines
 34803 | Orc:1    | Noticed an orc warlord
 34809 | Orc:1    | Killed an orc warlord
 34810 | Orc:1    | Reached XP level 15. HP: 99/120 MP: 7/37
 35016 | Orc:1    | Found Usiq Hiff's General Store.
 35272 | Orc:1    | Found a roughly hewn altar of Beogh.
 35378 | Orc:2    | Entered Level 2 of the Orcish Mines
 35383 | Orc:2    | Noticed Saint Roka
 35629 | Orc:2    | Found a roughly hewn altar of Beogh.
 35633 | Orc:2    | Offered knowledge of Freezing Cloud by Vehumet.
 35764 | Orc:2    | Learned a level 6 spell: Freezing Cloud
 36420 | Orc:2    | Found Faeng's Distillery.
 36657 | Orc:2    | Found Suur's General Store.
 36966 | Orc:2    | Offered knowledge of Fireball by Vehumet.
 37175 | Orc:2    | Reached skill level 19 in Spellcasting
 38210 | D:10     | Bought the +3 crown of Dyrovepreva {rElec Int+2 SInv} for
                  | 1324 gold pieces
 38210 | D:10     | Found the +3 crown of Dyrovepreva {rElec Int+2 SInv}
 38210 | D:10     | Bought a runed cloak for 240 gold pieces
 38307 | D:13     | Found a blossoming altar of Fedhas.
 38796 | D:13     | Found a gate to the Vaults.
 41117 | D:14     | Offered knowledge of Lightning Bolt by Vehumet.
 41474 | D:14     | Reached skill level 1 in Shields
 42255 | D:15     | Entered Level 15 of the Dungeon
 42931 | D:15     | Identified the +3 mace of the Establishment {flame, +Blink
                  | Dex+2 Stlth+}
 43022 | D:15     | Found an iron altar of Okawaru.
 43227 | D:15     | Reached skill level 15 in Ice Magic
 43450 | D:15     | Found a staircase to the Depths.
 44287 | D:15     | Reached XP level 16. HP: 66/129 MP: 9/39
 44620 | D:15     | Reached skill level 20 in Spellcasting
 45925 | Snake:1  | Entered Level 1 of the Snake Pit
 46180 | Snake:1  | Offered knowledge of Chain Lightning by Vehumet.
 46191 | Snake:1  | Learned a level 8 spell: Chain Lightning
 47168 | Snake:2  | Noticed Vashnia
 47173 | Snake:2  | Killed Vashnia
 49219 | Snake:3  | Found an iron altar of Okawaru.
 50342 | Snake:3  | Reached ****** piety under Vehumet
 50343 | Snake:3  | Reached skill level 21 in Spellcasting
 50499 | Snake:3  | Reached XP level 17. HP: 86/137 MP: 26/42
 50686 | Snake:3  | Offered knowledge of Lehudib's Crystal Spear by Vehumet.
 50686 | Snake:3  | Offered knowledge of Shatter by Vehumet.
 50686 | Snake:3  | Offered knowledge of Ignition by Vehumet.
 50722 | Snake:3  | Learned a level 9 spell: Shatter
 50731 | Snake:3  | Learned a level 8 spell: Ignition
 51158 | Snake:4  | Entered Level 4 of the Snake Pit
 51918 | Snake:4  | Reached skill level 5 in Shields
 52658 | Snake:4  | Reached skill level 1 in Earth Magic
 54763 | Snake:4  | Got a serpentine rune of Zot
 55237 | Swamp:1  | Entered Level 1 of the Swamp
 56514 | Swamp:1  | Noticed Roxanne
 57207 | Swamp:2  | Noticed Aizul
 57213 | Swamp:2  | Killed Aizul
 57503 | Swamp:2  | Reached XP level 18. HP: 146/146 MP: 24/43
 57984 | Swamp:3  | Reached skill level 22 in Spellcasting
 58653 | Swamp:3  | Reached skill level 5 in Earth Magic
 59194 | Swamp:4  | Entered Level 4 of the Swamp
 59900 | Swamp:4  | Noticed a tentacled monstrosity
 60044 | Swamp:4  | Killed a tentacled monstrosity
 60989 | Swamp:4  | Identified the ring of the Shining Light {rPois rC- EV+4
                  | Str+4 SInv}
 61370 | Swamp:4  | Identified the +1 robe of the Dwarven Hall {Rampage +Fly
                  | Str+2}
 62048 | Swamp:4  | Noticed a tentacled monstrosity
 62109 | Swamp:4  | Found a transporter.
 62293 | Swamp:4  | Noticed bmj180's ghost (adept MiFi)
 62294 | Swamp:4  | Found a transporter.
 62889 | Swamp:4  | Got a decaying rune of Zot
 65264 | Orc:2    | Found Liol Vig's Antique Armour Shop.
 65264 | Orc:2    | Found Celiy's Jewellery Boutique.
 65265 | Orc:2    | Found a one-way gate leading to the halls of Pandemonium.
 65400 | Orc:2    | Bought a runed robe for 107 gold pieces
 65400 | Orc:2    | Bought a bloodstained leather armour for 203 gold pieces
 65400 | Orc:2    | Bought an embroidered scarf for 232 gold pieces
 65410 | Orc:2    | Identified the +2 leather armour of Omicowk {*Slow rElec
                  | rF+ Dex+5} (You bought it in a shop on level 2 of the
                  | Orcish Mines)
 65448 | Orc:2    | Bought a ring of fire for 250 gold pieces
 66101 | Orc:2    | Killed Saint Roka
 66381 | Orc:2    | Found a staircase to the Elven Halls.
 66533 | Elf:1    | Entered Level 1 of the Elven Halls
 66934 | Elf:1    | Found Sichut's Antique Weapon Emporium.
 67340 | Elf:1    | Reached XP level 19. HP: 153/153 MP: 33/45
 67650 | Elf:1    | Noticed Louise
 67653 | Elf:1    | Killed Louise
 68998 | Elf:2    | Reached skill level 23 in Spellcasting
 69459 | Elf:2    | Found a runed translucent gate.
 69459 | Elf:2    | Found a runed translucent gate.
 69460 | Elf:2    | Found a runed translucent gate.
 69525 | Elf:3    | Entered Level 3 of the Elven Halls
 70155 | Elf:3    | Noticed a Tzitzimitl
 70203 | Elf:3    | Reached skill level 15 in Fighting
 71357 | Elf:3    | Noticed Bai Suzhen
 71376 | Elf:3    | Found Fiatogg's Jewellery Boutique.
 71377 | Elf:3    | Found Efahen's Book Emporium.
 71378 | Elf:3    | Found Jugrofod's Jewellery Boutique.
 71387 | Elf:3    | Killed Bai Suzhen
 71792 | Elf:3    | Identified the +10 broad axe "Ruggog" {vorpal, *Rage rC++
                  | Will+}
 71792 | Elf:3    | Identified the +0 leather armour of the Stars {Dex+5}
 72123 | Elf:3    | Identified the +1 plate armour of Vyixecw {rCorr}
 72123 | Elf:3    | Identified the amulet of Ycall {Reflect Str+7 Dex+4 SH+5
                  | SInv}
 72701 | Elf:3    | Got a warped scythe
 72703 | Elf:3    | Got a pitted morningstar
 72705 | Elf:3    | Got a jewelled ring mail
 72970 | Vaults:1 | Entered Level 1 of the Vaults
 73448 | Vaults:1 | Reached XP level 20. HP: 162/162 MP: 26/47
 75234 | Vaults:1 | Identified the +6 hand axe of the Lumpy Mice {venom, rN++}
 75237 | Vaults:1 | Reached skill level 10 in Earth Magic
 75933 | Vaults:2 | Reached skill level 24 in Spellcasting
 77392 | Vaults:2 | You fall into a shaft and drop 2 floors!
 77441 | Vaults:4 | Quit the game

Illustrated notes

Levels and vault maps discovered:
D:1:      heliophobic_arrival_dark_side_of_the_moon, layout_loops_corners
D:2:      layout_loops_ring, fiery_altar_vehumet, bh_walls_and_bars
D:3:      layout_loops_ring, lemuel_round_altar, lemuel_doored_altar,
          nrook_mini_backslash, trog_wizard
D:4:      layout_basic
D:5:      layout_loops_ring, grunt_temple_overflow_open, marbit_many_paths,
          minmay_temple_entry_wispy
D:6:      layout_loops_ring, eat_drink_and_be_merry_uskayaw, corexii_shack,
          minmay_misc_feat_room
D:7:      layout_basic, lemuel_round_altar, nzn_hepliaklqana_mist_gate,
          lemuel_flamethrower_1
D:8:      layout_loops_cross, lair_entry_dummy, kennysheep_cross_room,
          chequers_serial_rivers_micro_a, grunt_ministairs_10
D:9:      layout_roguey
D:10:     layout_basic, special_room [special_room_bee], serial_shops,
          shop_coins, minmay_beelzebubs_servants
D:11:     layout_irregular_city, basic_altar, hangedman_tell_no_tales
D:12:     layout_big_octagon, minmay_orc_entry_temple_small, uniq_maurice,
          uniq_jorgrun
D:13:     layout_rooms, erik_vaults_2, serial_curves, eino_curves_04,
          eino_curves_02, eino_curves_04, minmay_statues_item, fedhas_altar_4
D:14:     layout_basic, dk_noncrumbling_2
D:15:     gammafunk_depths_entry_grave, layout_basic, okawaru_ov_weapons_minmay
Lair:1:   layout_misc_corridors
Lair:2:   statuecave_lemuel, layout_concentric_octagons, gauntlet_entry_generic,
          nicolae_quartered_pool_super, minivault_29
Lair:3:   minmay_guarded_unrand_snakebite, layout_hall_layers, swamp_mist_pool,
          gammafunk_ghost_split, beast_lair_carwin_8, uniq_fannar, uniq_snorg
Lair:4:   layout_cave_pods, minmay_snake_entry_six_corridors, grunt_megastairs_1
Lair:5:   layout_misc_corridors, wad_woods_river_03,
          nzn_masters_of_martial_movement
Lair:6:   hangedman_lair_tendril_chambers, layout_cellular_growth, wormcave,
          minmay_slime_entry_oklob_enclosed, basic_altar,
          ebering_ghost_inner_flame, serial_bayou_shore_a, uniq_kirke
Swamp:1:  layout_basic_swamp, evilmike_swamp_ruin_house_6, swamp_pool3,
          uniq_roxanne
Swamp:2:  layout_basic_swamp, evilmike_swamp_ruin_wall, uniq_aizul
Swamp:3:  layout_basic_swamp, hangedman_swamp_ruin_hall, swamp_pool3
Swamp:4:  nzn_swamp_witches_coven, layout_basic_swamp, gammafunk_ghost_arena
Snake:1:  layout_onion_interference, drop_trap, grunt_megastairs_3
Snake:2:  layout_basic, uniq_vashnia
Snake:3:  cheibrodos_snake_ritualist_ritual, layout_misc_corridors, basic_altar,
          hangedman_snake_sidewinding
Snake:4:  snake_pit, layout_gridlike, nrook_loot_triangle,
          nicolae_snake_linked_coils
Orc:1:    layout_caves, serial_shops, shop, minmay_orc_temple_a, uniq_urug
Orc:2:    pf_orc_diabolical, layout_caves, basic_altar, uniq_saint_roka
Elf:1:    eino_elf_arrival_customs, layout_gridlike, serial_shops, shop,
          kennysheep_underground_church, uniq_louise
Elf:2:    layout_geoelf_diagonals
Elf:3:    minmay_elf_hall_curves, layout_gridlike, minmay_shop_grove,
          uniq_bai_suzhen
Vaults:1: vaults_room_large_hall, vaults_dpeg_hooks,
          nicolae_vaults_little_squares_5, v_alt_pattern_1, v_alt_pattern_1,
          st_eye, nicolae_vaults_little_squares_1, v_alt_pattern_1, v_pattern_4,
          v_misc_8, v_misc_8, nicolae_vaults_little_squares_4,
          ontoclasm_vaults_pinch, layout_vaults_maze_snakey
Vaults:2: nicolae_vaults_little_squares_3, grunt_vaults_focal, v_misc_22,
          nicolae_vaults_inception_network, vaults_dpeg_doors,
          ontoclasm_vaults_loading_screen, v_misc_9, vaults_room_door_hall,
          v_misc_3, vaults_room_pools, layout_vaults_omnicross
Vaults:4: vaults_room_door_ring, nicolae_vaults_fighting_squares, v_misc_25,
          v_alt_pattern_2, v_misc_16, v_pattern_5, v_misc_8,
          nicolae_vaults_ring_of_whatevers, vaults_dpeg_encased_lava, v_misc_9,
          layout_vaults_big_room, portal_desolation_entry_salt, uniq_mennas

Skill      XL: |  1  2  3  4  5  6  7  8  9 10 11 12 13 14 15 16 17 18 19 20 |
---------------+-------------------------------------------------------------+-----
Spellcasting   | 3 4 5 6 8 10 12 14 15 17 18 19 21 22 23 24 | 24.2
Fighting       | 1 2 3 4 5 7 8 9 10 11 12 13 14 15 | 15.7
Ice Magic      | 4 5 6 7 9 10 11 13 14 15 16 17 | 17.4
Conjurations   | 1 2 3 |  3.0
Summonings     | 1 2 3 |  3.0
Shields        | 2 4 6 7 8 9 |  9.2
Earth Magic    | 4 7 9 10 | 10.5
Dodging        | |  1.5
Stealth        | |  1.5

Action                   |  1- 3 |  4- 6 |  7- 9 | 10-12 | 13-15 | 16-18 | 19-21 || total
-------------------------+-------+-------+-------+-------+-------+-------+-------++-------
Melee: Dagger            |    64 |    23 |   113 |    96 |       |       |       ||   296
       Staff             |       |       |       |       |   112 |    22 |    27 ||   161
 Cast: Freeze            |    32 |    47 |    64 |   133 |    53 |       |       ||   329
       Frozen Ramparts   |     1 |    13 |    39 |    57 |    19 |     2 |     1 ||   132
       Hailstorm         |       |       |    29 |   128 |    79 |    54 |    27 ||   317
       Summon Ice Beast  |       |       |    13 |   101 |    61 |    39 |    27 ||   241
       Ozocubu's Refrige |       |       |       |       |   466 |   579 |   314 ||  1359
       Freezing Cloud    |       |       |       |       |     2 |     7 |     1 ||    10
 Abil: Evoke Flight      |       |       |       |       |     2 |       |       ||     2
Evoke: Wand              |       |       |     5 |    24 |    14 |    54 |     6 ||   103
       Condenser vane    |       |       |       |       |     1 |     2 |     2 ||     5
  Use: Scroll            |       |       |     6 |     3 |    10 |    11 |     9 ||    39
 Stab: Sleeping          |     1 |     1 |       |       |       |       |       ||     2
       Distracted        |       |       |       |     2 |       |       |     2 ||     4
       Paralysed         |       |       |       |       |       |     6 |       ||     6
Armor: Robe              |    17 |     9 |    13 |     4 |   112 |    47 |    18 ||   220
       Leather armour    |       |       |    70 |   140 |       |       |       ||   210
Dodge: Dodged            |    52 |    36 |   108 |   146 |   152 |    50 |    27 ||   571
Block: Kite shield       |       |       |       |       |    26 |   105 |    90 ||   221
       Reflection        |       |       |       |       |       |     6 |    19 ||    25

Table legend: (Time is in decaauts)
 A = Elapsed time spent in this place.
 B = Non-inter-level travel time spent in this place.
 C = Inter-level travel time spent in this place.
 D = Time resting spent in this place.
 E = Time spent auto-exploring this place.
 F = Levels seen in this place.
 G = Mean time per level.
                   A        B        C        D        E       F      G
               +--------+--------+--------+--------+--------+-----+--------+
         Total |  77917 |  74512 |   3405 |   7886 |  58423 |  37 | 2105.9 |
       Dungeon |  27979 |  26891 |   1088 |   1712 |  22211 |  15 | 1865.3 |
          Lair |  15334 |  14525 |    809 |   1295 |  11734 |   6 | 2555.7 |
         Swamp |   7876 |   7635 |    241 |   1504 |   5406 |   4 | 1969.0 |
     Snake Pit |   9268 |   8650 |    618 |    555 |   7307 |   4 | 2317.0 |
  Orcish Mines |   6633 |   6299 |    334 |   2146 |   3339 |   2 | 3316.5 |
   Elven Halls |   6347 |   6136 |    211 |    470 |   4959 |   3 | 2115.7 |
        Vaults |   4478 |   4377 |    101 |    204 |   3466 |   3 | 1492.7 |
               +--------+--------+--------+--------+--------+-----+--------+

Top non-repeatable levels by time:
  Lair:6: 4861 daAuts
 Snake:4: 3956 daAuts
   Orc:2: 3500 daAuts
   Orc:1: 3132 daAuts
    D:15: 2982 daAuts
    D:11: 2932 daAuts
Vaults:1: 2921 daAuts
    D:10: 2908 daAuts
   Elf:3: 2815 daAuts
  Lair:2: 2755 daAuts
 Swamp:3: 2746 daAuts
 Snake:3: 2746 daAuts
  Lair:4: 2593 daAuts
 Swamp:4: 2570 daAuts
  Lair:3: 2493 daAuts
